 Dungeon Crawl Stone Soup version 0.28.0-53-g5a82cb258f (webtiles) character file.

Game seed: 13446741748437918795

22598 Stomo the Eye of the Storm (level 12, -8/97 HPs)
             Began as a Demonspawn Gladiator on July 4, 2022.
             Was a Priest of Qazlal.
             Mangled by a will-o-the-wisp (10 damage)
             ... on level 1 of the Abyss.
             The game lasted 00:30:44 (12805 turns).

Stomo the Eye of the Storm (Demonspawn Gladiator)  Turns: 12805, Time: 00:30:44

Health: -8/97      AC: 17    Str: 15    XL:     12   Next: 64%
Magic:  21/21      EV: 20    Int: 11    God:    Qazlal [***...]
Gold:   924        SH:  3    Dex: 14    Spells: 11/11 levels left

rFire   . . .      SeeInvis .   a - +3 rapier (spect)
rCold   + . .      Faith    .   (no shield)
rNeg    . . .      Spirit   .   M - +3 ring mail {rC+}
rPois   .          Reflect  .   (helmet restricted)
rElec   .          Harm     .   (no cloak)
rCorr   .          Rampage  .   L - +2 pair of gloves
Will    .....      Rage     1%  (no boots)
Stlth   +.........              p - amulet of regeneration
HPRegen 1.06/turn               h - +4 ring of protection
MPRegen 0.17/turn               j - +4 ring of evasion

@: about to teleport
A: antennae 1, repulsion field 1, icemail 1, powered by pain 1, condensation
shield, berserk 1, [screaming 2], [weak 2]
a: Renounce Religion, Upheaval, Elemental Force


You were on level 1 of the Abyss.
You worshipped Qazlal.
Qazlal was most pleased with you.
You visited 2 branches of the dungeon, and saw 13 of its levels.
You visited the Abyss 1 time.

You collected 924 gold pieces.

Inventory:

Hand Weapons
 a - a +3 spectral rapier (weapon)
 e - a +0 dagger of venom
 J - a +3 vorpal short sword
Missiles
 d - 4 throwing nets (quivered)
Armour
 b - a +0 leather armour
 c - a +0 helmet
 f - a +0 ring mail
 L - a +2 pair of gloves (worn)
 M - a +3 ring mail of cold resistance (worn)
Jewellery
 h - a +4 ring of protection (left hand)
 j - a +4 ring of evasion (right hand)
 p - an amulet of regeneration (around neck)
 s - an amulet of faith
 A - a +6 ring of intelligence
 B - an amulet of reflection
 I - a ring of flight
Wands
 g - a wand of flame (32)
 u - a wand of paralysis (10)
 w - a wand of digging (3)
 F - a wand of polymorph (7)
Scrolls
 k - 3 scrolls of brand weapon
 l - 2 scrolls of teleportation
 m - 8 scrolls of identify
 y - 3 scrolls of magic mapping
 C - 5 scrolls of fog
 D - a scroll of blinking
 G - a scroll of immolation
 K - 2 scrolls of silence
Potions
 i - 4 potions of attraction
 n - 2 potions of degeneration {unknown}
 o - 3 potions of heal wounds
 r - a potion of brilliance {unknown}
 t - 2 potions of lignification {unknown}
 v - 2 potions of ambrosia {unknown}
 x - a potion of magic {unknown}
 z - 4 potions of curing
 E - a potion of haste {unknown}
 H - a potion of mutation {unknown}
Miscellaneous
 q - a piece from Xom's chessboard (15/15)


   Skills:
 + Level 9.9 Fighting
 + Level 9.3 Short Blades
 - Level 1.7 Throwing
 + Level 8.7 Armour
 + Level 9.3 Dodging
 + Level 12.8 Invocations


You had 11 spell levels left.
You didn't know any spells.
Your spell library contained the following spells:

 Spells                   Type           Power      Damage    Failure   Level
 Animate Skeleton         Necr           0%         N/A       52%         1
 Pain                     Necr           0%         1d4       52%         1
 Frozen Ramparts          Ice            0%         1d2       88%         3
 Vampiric Draining        Necr           0%         2d6       88%         3
 Ice Form                 Ice/Tmut       0%         N/A       99%         4
 Summon Ice Beast         Ice/Summ       0%         N/A       99%         4
 Agony                    Necr           0%         N/A       100%        5
 Excruciating Wounds      Necr           0%         N/A       100%        5


Dungeon Overview and Level Annotations

Branches:
Dungeon (12/15)            Temple (1/1) D:7            Lair (0/6) D:11
    Orc (0/2) D:12

Altars:
Ashenzari
Cheibriados
Dithmenos
Elyvilon
Fedhas
Gozag
Hepliaklqana
Kikubaaqudgha
Makhleb
Nemelex Xobeh
Okawaru
Qazlal
Ru
Sif Muna
Trog
Uskayaw
Vehumet
Wu Jian
Xom
Yredelemnul
Zin
The Shining One

Shops:
D:2 [   D:3 (**::   D:10 (

Portals:
Trove: D:12 (give +3 gold dragon scales)


Innate Abilities, Weirdness & Mutations

You have a pair of small antennae on your head.
You are surrounded by a mild repulsion field. (EV +2)
A meltable icy envelope protects you from harm. (AC +0)
You sometimes gain a little power by taking damage.
A meltable shield of frost defends you. (SH +0)
You tend to lose your temper in combat.
[You frequently scream uncontrollably at your foes.]
[You are very weak. (Str -4)]


Message History

The hellwing is lightly wounded.
Your +3 spectral rapier barely misses the hellwing.
You block the hellwing's attack.
The hellwing hits you but does no damage.
Okay, then.
You hit the hellwing but do no damage.
The hellwing is lightly wounded.
Your +3 spectral rapier barely misses the hellwing.
The foxfire hits you!
Your icy defenses dissipate!
The foxfire hits you but does no damage.
The will-o-the-wisp gestures.
The will-o-the-wisp conjures some foxfire!
The wretched star pulses with an eldritch light!
You feel the urge to shout.
You feel a strong urge to scream. 2 foxfires come into view.
As you read the scroll of teleportation, it crumbles to dust.
You feel strangely unstable.
You feel the power of the Abyss delaying your translocation!
The foxfire hits you! The hellwing closely misses you.
The hellwing hits you but does no damage.
The wretched star pulses with an eldritch light!
You feel weaker. x2
A starcursed mass comes into view.
The foxfire hits you!! The will-o-the-wisp engulfs you.
The wretched star glows turbulently.
The lance of force misses you.
A starcursed mass splits.
A chorus of shrieks assaults your mind.
* * * LOW HITPOINT WARNING * * *
The will-o-the-wisp engulfs you but does no damage.
A chorus of shrieks assaults your mind.
* * * LOW HITPOINT WARNING * * *
The will-o-the-wisp blinks!
A chorus of shrieks assaults your mind.
* * * LOW HITPOINT WARNING * * *
You hit the will-o-the-wisp but do no damage.
The hellwing hits you!
* * * LOW HITPOINT WARNING * * *
The hellwing closely misses you. The will-o-the-wisp engulfs you!
You die...

#. # # .. # ..##
≈#≈#.# #.#.. .....
..... . #.#....
#...#. .
#....###.....X. #
#...#.#...X# .
###..#.v#....#.. .
. .
#.§#.#§§@......##
# .
##.....#4.#.....
.#.
.#...#*X#.#.#..#..
# # #
#.........#... #
#.#..#.#..#..###..
# #
#..#...#..#...#.
## # #..#.....§##
.#..# .....##..##
###.#### . #
#...###...#.### .
# . #


You could see 2 starcursed masses, a wretched star, a large abomination, a
hellwing and a will-o-the-wisp.

Vanquished Creatures
  Harold (D:7)
  4 hydras
  A boulder beetle (D:9)
  A centaur warrior (D:12)
  3 two-headed ogres
  A large abomination (Abyss:1)
  Pikel (D:3)
  5 manticores
  2 cyclopes (D:12)
  A worldbinder (Abyss:1)
  2 gargoyles
  An orange demon (Abyss:1)
  The ghost of DocClef the Spear-Bearer, a novice MfGl (D:6)
  An unseen horror (D:11)
  3 yaktaurs (D:12)
  2 kobold demonologists
  3 trolls
  Grinder (D:5)
  Sigmund (D:5)
  A vampire (D:12)
  3 wyverns
  25 yaks
  Eustachio (D:6)
  4 basilisks
  2 humans (D:9)
  3 vampire mosquitoes
  2 neqoxecs (Abyss:1)
  Edmund (D:4)
  Duvessa (D:6)
  2 water moccasins
  A small abomination (Abyss:1)
  2 ice beasts
  3 black bears
  3 orc warriors
  2 sky beasts
  3 ogres
  A lemure (D:4)
  A phantom (D:5)
  3 centaurs
  Blork the orc (D:6)
  6 kobold brigands
  A wyvern zombie (D:6)
  A gnoll sergeant (D:7)
  3 scorpions
  A wyvern skeleton (D:7)
  Dowan (D:6)
  10 killer bees
  2 wights
  2 howler monkeys
  5 electric eels (D:7)
  2 quasits (Abyss:1)
  2 jellies
  A centaur zombie (D:6)
  5 orc priests
  A bullfrog skeleton (D:6)
  5 hounds
  2 centaur skeletons (D:6)
  Ijyb (D:5)
  Natasha (twice) (D:3)
  4 iguanas
  13 orc wizards
  2 killer bee zombies
  2 hound skeletons (D:5)
  A howler monkey zombie (D:9)
  Robin (D:2)
  4 gnolls (D:6)
  10 adders
  A white imp (D:8)
  2 ufetubi
  2 adder skeletons
  3 worms
  5 dart slugs
  48 orcs
  5 endoplasms
  3 giant cockroaches (D:1)
  11 goblins
  13 hobgoblins
  6 jackals
  4 quokkas
  2 ball pythons
  4 bats
  3 frilled lizards
  18 kobolds
  A quokka skeleton (D:4)
  5 rats
326 creatures vanquished.

Vanquished Creatures (others)
  A bush (D:5)
  4 foxfires (Abyss:1)
  44 plants
49 creatures vanquished.

Grand Total: 375 creatures vanquished

Notes
Turn   | Place    | Note
-------+----------+-------------------------------------------
     0 | D:1      | Stomo the Demonspawn Gladiator began the quest for the Orb.
     0 | D:1      | Reached XP level 1. HP: 16/16 MP: 1/1
   137 | D:1      | Gained mutation: A meltable shield of frost defends you.
                  | (SH +0) [demonic ancestry]
   137 | D:1      | Reached XP level 2. HP: 22/22 MP: 2/2
   533 | D:1      | Reached skill level 1 in Armour
   713 | D:1      | Reached XP level 3. HP: 26/28 MP: 3/3
   803 | D:2      | Found a faded altar of an unknown god.
  1060 | D:2      | Reached XP level 4. HP: 23/34 MP: 4/4
  1184 | D:2      | Noticed Robin
  1355 | D:2      | Killed Robin
  1891 | D:2      | Found Apta's Antique Armour Emporium.
  2132 | D:2      | Reached XP level 5. HP: 14/41 MP: 5/5
  2508 | D:3      | Found a hazy altar of Hepliaklqana.
  2590 | D:3      | Found Dusetu's General Store.
  2680 | D:3      | Found Roeronto's General Store.
  3037 | D:3      | Found Nessuuth's Weapon Emporium.
  3094 | D:3      | Noticed Natasha
  3099 | D:3      | Killed Natasha
  3100 | D:3      | Reached XP level 6. HP: 41/47 MP: 6/6
  3180 | D:3      | Found Vitaid's Book Boutique.
  3197 | D:3      | Found Hiacwec's Book Emporium.
  3492 | D:3      | Noticed Natasha
  3501 | D:3      | Killed Natasha
  3963 | D:4      | Noticed Pikel
  4009 | D:3      | Killed Pikel
  4010 | D:3      | Reached XP level 7. HP: 13/55 MP: 7/7
  4690 | D:4      | Found a shimmering altar of Xom.
  5086 | D:4      | Reached skill level 5 in Dodging
  5197 | D:4      | Reached skill level 5 in Fighting
  5197 | D:4      | Reached skill level 5 in Short Blades
  5197 | D:4      | Reached XP level 8. HP: 59/62 MP: 8/8
  5419 | D:5      | Entered Level 5 of the Dungeon
  5419 | D:5      | Noticed Edmund
  5432 | D:4      | Killed Edmund
  5610 | D:5      | Noticed Grinder
  5613 | D:5      | Paralysed by Grinder for 6 turns
  5623 | D:5      | Killed Grinder
  5790 | D:5      | Reached skill level 5 in Armour
  5798 | D:5      | Noticed Ijyb
  5805 | D:5      | Killed Ijyb
  5837 | D:5      | Found a blossoming altar of Fedhas.
  5914 | D:5      | Noticed Sigmund
  5921 | D:5      | Killed Sigmund
  5922 | D:5      | Gained mutation: You are surrounded by a mild repulsion
                  | field. (EV +2) [demonic ancestry]
  5922 | D:5      | Reached XP level 9. HP: 69/69 MP: 9/9
  6060 | D:6      | Noticed Duvessa
  6061 | D:6      | Noticed Dowan
  6070 | D:6      | Killed Duvessa
  6074 | D:6      | Killed Dowan
  6219 | D:6      | Found a sparkling altar of Nemelex Xobeh.
  6254 | D:6      | Noticed Blork the orc
  6260 | D:6      | Killed Blork the orc
  6363 | D:6      | Noticed Eustachio
  6378 | D:6      | Killed Eustachio
  6405 | D:6      | Found a sacrificial altar of Ru.
  6645 | D:6      | Found a runed translucent gate.
  6645 | D:6      | Found a runed translucent gate.
  6647 | D:6      | Found a runed translucent gate.
  6650 | D:6      | Noticed DocClef's ghost (novice MfGl)
  6816 | D:6      | Killed DocClef's ghost
  6937 | D:6      | Gained mutation: You sometimes gain a little power by
                  | taking damage. [demonic ancestry]
  6937 | D:6      | Reached XP level 10. HP: 57/78 MP: 10/10
  7051 | D:7      | Found a staircase to the Ecumenical Temple.
  7055 | D:7      | Noticed Harold
  7084 | D:7      | Killed Harold
  7100 | Temple   | Entered the Ecumenical Temple
  7257 | Temple   | Became a worshipper of Qazlal Stormbringer
  7464 | D:7      | Found a shimmering blue altar of Sif Muna.
  7545 | D:7      | Reached skill level 1 in Invocations
  7547 | D:7      | Reached skill level 2 in Invocations
  7551 | D:7      | Reached skill level 3 in Invocations
  7794 | D:7      | Reached skill level 4 in Invocations
  7860 | D:7      | HP: 2/80 [electric eel/bolt of electricity (9)]
  8308 | D:7      | Reached skill level 5 in Invocations
  8391 | D:7      | You fall into a shaft and drop 1 floor!
  8444 | D:8      | Reached skill level 6 in Invocations
  8506 | D:8      | Found a snail-covered altar of Cheibriados.
  8510 | D:8      | Reached * piety under Qazlal
  8880 | D:9      | Noticed a boulder beetle
  8984 | D:9      | Noticed a two-headed ogre
  9007 | D:9      | Killed a two-headed ogre
  9008 | D:9      | Reached skill level 8 in Invocations
  9149 | D:9      | Reached skill level 9 in Invocations
  9176 | D:9      | Found an iron altar of Okawaru.
  9615 | D:9      | Killed a boulder beetle
  9616 | D:9      | Reached skill level 10 in Invocations
  9616 | D:9      | Gained mutation: A meltable icy envelope protects you from
                  | harm. (AC +0) [demonic ancestry]
  9616 | D:9      | Reached XP level 11. HP: 27/86 MP: 18/18
  9794 | D:9      | Noticed a four-headed hydra
  9816 | D:8      | Killed a four-headed hydra
  9922 | D:9      | Found an opulent altar of Gozag.
 10076 | D:10     | Entered Level 10 of the Dungeon
 10324 | D:10     | Reached skill level 11 in Invocations
 10327 | D:10     | Reached ** piety under Qazlal
 10396 | D:10     | Found a hide-covered altar of Uskayaw.
 10474 | D:10     | Found a shadowy altar of Dithmenos.
 10528 | D:10     | Found Eno Mym's Antique Weapon Shop.
 10967 | D:11     | Noticed a six-headed hydra
 10973 | D:11     | Killed a six-headed hydra
 11069 | D:11     | Found a staircase to the Lair.
 11317 | D:11     | Noticed a two-headed ogre
 11323 | D:11     | Killed a two-headed ogre
 11324 | D:11     | Gained mutation: You have a pair of small antennae on your
                  | head. [demonic ancestry]
 11324 | D:11     | Reached XP level 12. HP: 91/95 MP: 20/20
 11431 | D:11     | Noticed a two-headed ogre
 11437 | D:11     | Killed a two-headed ogre
 11438 | D:11     | Reached skill level 12 in Invocations
 11594 | D:12     | Noticed a six-headed hydra
 11594 | D:12     | Noticed a four-headed hydra
 11613 | D:12     | Killed a six-headed hydra
 11627 | D:11     | Killed a four-headed hydra
 11750 | D:12     | Found a portal to a secret trove of treasure.
 12129 | D:12     | Noticed a death knight
 12266 | D:12     | Found a staircase to the Orcish Mines.
 12390 | D:12     | Reached *** piety under Qazlal
 12417 | D:12     | Noticed a centaur warrior
 12454 | D:12     | Noticed a centaur warrior
 12471 | D:12     | Killed a centaur warrior
 12580 | D:12     | Cast into level 1 of the Abyss (gargoyle)
 12767 | Abyss:1  | Gained mutation: You tend to lose your temper in combat. [a
                  | neqoxec]
 12784 | Abyss:1  | Noticed a naga warrior
 12802 | Abyss:1  | Noticed a starcursed mass
 12805 | Abyss:1  | HP: 2/97 [hellwing (11)]
 12805 | Abyss:1  | Mangled by a will-o-the-wisp

Illustrated notes

Levels and vault maps discovered:
D:1:      ebering_hopf_link, layout_loops_ring, dk_noncrumbling_2
D:2:      layout_loops_ring, hellmonk_ecumenical_altar_run_dry, serial_shops,
          nicolae_shop_crystal, minivault_23, grunt_ministairs_7,
          minmay_heptomino_d4, uniq_robin
D:3:      layout_loops_ring, amcnicky_altar_gilded, serial_shops, shop, shop,
          shop, nicolae_shop_advertising_works [nicolae_subvault_shop_adworks],
          nicolae_shop_bloodbath_and_beyond, corner_web_ring, uniq_natasha
D:4:      layout_basic, xom_butterflies, serial_co_window_serial,
          co_window_corner_a, co_window_corner_a, co_window_paths_a,
          co_window_paths_a, co_window_of_opportunity_a, co_window_paths_a,
          co_window_paths_a, co_window_corner_ca, co_window_broadway_c,
          co_window_corner_ca, co_window_cross_3, co_window_broadway_c,
          co_window_corner_ca, co_window_unsneaky_path_a, co_window_4corner_a,
          glass_columns_a, glass_columns_a, glass_columns_a, uniq_pikel
D:5:      layout_rooms, fedhas_altar_decomposition, kennysheep_generic_room_7,
          uniq_grinder, uniq_ijyb, uniq_edmund, uniq_sigmund
D:6:      layout_loops_ring, nicolae_ru_awakened_eye, nemelex_dance_club_becter,
          ebering_ghost_rock_garden, kennysheep_generic_room_5, uniq_duvessa,
          uniq_eustachio, uniq_blork_the_orc
D:7:      minmay_spotlight, layout_basic, nicolae_sif_muna_condensation,
          minmay_temple_entry_statues_pillars, serial_bayou,
          serial_bayou_lake_a, serial_bayou_pond_d, serial_bayou_lagoon_a,
          serial_bayou_pond_b, enter_bailey_6, kennysheep_windowed_goal,
          uniq_harold
D:8:      layout_rooms, kennysheep_slug_shrine
D:9:      layout_layer_cave, pdpol_temple_overflow_zin_treasury_gozag_greed,
          okawaru_humans, nzn_sisyphean_effort
D:10:     layout_roguey, grunt_dithmenos_smoke, mainiacjoe_overflow_boulevard,
          serial_shops, shop, minmay_door_square, dk_rats_in_the_wall
D:11:     layout_roguey, david_lair_generic, feat_on_display
D:12:     minmay_the_grid_square_5x5_5x5_mashed
          [minmay_the_grid_square_5x5_six_small,
          minmay_the_grid_square_5x5_beaten_path,
          minmay_the_grid_square_5x5_three, minmay_the_grid_square_5x5_six,
          minmay_the_grid_square_5x5_percent, minmay_the_grid_square_5x5_comb,
          minmay_the_grid_square_5x5_prize_gold,
          minmay_the_grid_square_5x5_tetrominoes,
          minmay_the_grid_square_5x5_prize_open,
          minmay_the_grid_square_5x5_spiral_small,
          minmay_the_grid_square_5x5_two_small,
          minmay_the_grid_square_5x5_detours,
          minmay_the_grid_square_5x5_prize_monsterx,
          minmay_the_grid_square_5x5_minibox, minmay_the_grid_square_5x5_slash,
          minmay_the_grid_square_5x5_plus,
          minmay_the_grid_square_5x5_prize_deathbox,
          minmay_the_grid_square_5x5_bracketed,
          minmay_the_grid_square_5x5_prize_snowflake,
          minmay_the_grid_square_5x5_v, minmay_the_grid_square_5x5_n_small,
          minmay_the_grid_square_5x5_bite,
          minmay_the_grid_square_5x5_checkered_sparse,
          minmay_the_grid_square_5x5_fat_x, minmay_the_grid_square_5x5_shrine1],
          layout_basic, david_orc_2, special_room [special_room_orc],
          nicolae_trove_entry_free_sample, minmay_beelzebubs_servants
Temple:   eino_wide_crystal_templ
Abyss:1:  base: Temple, bh_abyss_exit_grid

Skill      XL: |  1  2  3  4  5  6  7  8  9 10 11 12 |
---------------+-------------------------------------+-----
Dodging        | 3 4 5 6 7 8 9 |  9.3
Short Blades   | 3 4 5 6 7 8 9 |  9.3
Armour         | 1 2 3 5 6 8 |  8.7
Fighting       | 3 4 5 6 7 9 |  9.9
Invocations    | 10 11 12 | 12.8
Throwing       | |  1.7

Action                   |  1- 3 |  4- 6 |  7- 9 | 10-12 || total
-------------------------+-------+-------+-------+-------++-------
Melee: Rapier            |   106 |    21 |   217 |   532 ||   876
       Punch             |     3 |     5 |     3 |    10 ||    21
       Dagger            |       |   237 |    73 |       ||   310
       Short sword       |       |       |       |    40 ||    40
  Use: Scroll            |       |     6 |     3 |     9 ||    18
       Potion            |       |     1 |       |       ||     1
 Stab: Distracted        |       |       |     3 |     9 ||    12
Armor: Leather armour    |     5 |       |       |       ||     5
       Ring mail         |    24 |    54 |    58 |   114 ||   250
Dodge: Dodged            |    51 |    98 |   188 |   348 ||   685
Block: Other             |    11 |    25 |    38 |   131 ||   205
